 Dungeon Crawl Stone Soup version 0.22-b1-26-g9dbaab1 (webtiles) character file.

170 Doobh the Sneak (level 5, 0/32 HPs)
             Began as a Kobold Assassin on Aug 9, 2018.
             Was an Initiate of Dithmenos.
             Succumbed to a worker ant's poison
             ... on level 2 of the Dungeon.
             The game lasted 00:09:31 (2113 turns).

Doobh the Sneak (Kobold Assassin)                   Turns: 2113, Time: 00:09:32

Health: 0/32       AC:  3    Str:  8    XL:     5   Next: 80%
Magic:  5/5        EV: 16    Int: 12    God:    Dithmenos [......]
Gold:   103        SH:  0    Dex: 18    Spells: 4/4 levels left

rFire    . . .     SeeInvis .   b - +0 blowgun
rCold    . . .     Gourm    .   (shield restricted)
rNeg     . . .     Faith    .   c - +0 robe
rPois    .         Spirit   .   (no helmet)
rElec    .         Reflect  .   d - +0 cloak
rCorr    .         Harm     .   (no gloves)
MR       .....                  (no boots)
Stlth    +++.......             (no amulet)
HPRegen  0.10/turn              (no ring)
MPRegen  0.09/turn              (no ring)

@: lethally poisoned (0 -> -4), hasted, very quick
A: small, carnivore
a: Renounce Religion


You were on level 2 of the Dungeon.
You worshipped Dithmenos.
Dithmenos was noncommittal.
You were completely stuffed.

You visited 1 branch of the dungeon, and saw 3 of its levels.

You collected 103 gold pieces.

Inventory:

Hand Weapons
 a - a +2 dagger
 b - a +0 blowgun (weapon)
Missiles
 l - 47 sling bullets
 n - 10 stones
 o - 2 poisoned needles (quivered)
 q - 2 tomahawks
 r - a curare-tipped needle
Armour
 c - a +0 robe (worn)
 d - a +0 cloak (worn)
Scrolls
 i - a scroll of amnesia {unknown}
 k - a scroll of immolation
 p - a scroll of remove curse
 s - a scroll of teleportation
Potions
 e - 2 potions of lignification
Comestibles
 f - 2 chunks of flesh
 g - 6 rations


   Skills:
 + Level 3.0 Fighting
 * Level 4.5 Short Blades
 + Level 3.0 Throwing
 * Level 3.6 Dodging
 + Level 5.9 Stealth


You had 4 spell levels left.
You didn't know any spells.
Your spell library was empty.

Dungeon Overview and Level Annotations

Branches:
Dungeon (3/15)

Altars:
Dithmenos


Innate Abilities, Weirdness & Mutations

You are small and have problems with some larger weapons.
You are carnivorous and can eat meat at any time.


Message History

* * * LOW HITPOINT WARNING * * *
Okay, then.
It was a potion of haste.
You feel yourself speed up.
* * * LOW HITPOINT WARNING * * *
You feel sick. The worker ant completely misses you.
As you read the scroll labeled JEITZE HANLI, it crumbles to dust.
You feel momentarily disoriented.
It was a scroll of magic mapping.
The worker ant closely misses you.
As you read the scroll labeled OHAIMOETEA, it crumbles to dust.
You feel strangely unstable.
It was a scroll of teleportation.
* * * LOW HITPOINT WARNING * * *
You feel sick. The worker ant barely misses you.
* * * LOW HITPOINT WARNING * * *
You feel sick.
* * * LOW HITPOINT WARNING * * *
You feel sick.
Your surroundings suddenly seem different.
* * * LOW HITPOINT WARNING * * *
You feel sick.
You die...

#.......>.......####.....# ##
######..........# ##...## .#
#..........## ##..# .#####
##..........# #..#
.....#####........#.#############
#.................#..............
#########........................
##.......^###.#..........
#......@.# #............
###........# ##.........).
#...######## ##.......... #...#
#.......... ########...#
#.......... ...........#
#.......... ########...#
#.......... ##### ###########


There were no monsters in sight!

Vanquished Creatures
  An ogre (D:2)
  An adder (D:2)
  4 worms (D:2)
  4 leopard geckos
  3 giant cockroaches
  14 goblins
  5 hobgoblins (D:1)
  5 jackals
  A quokka (D:2)
  4 bats
  A frilled lizard (D:3)
  4 kobolds
  5 rats
52 creatures vanquished.

Notes
Turn   | Place    | Note
-------+----------+-------------------------------------------
     0 | D:1      | Doobh the Kobold Assassin began the quest for the Orb.
     0 | D:1      | Reached XP level 1. HP: 12/12 MP: 1/1
    82 | D:1      | Reached XP level 2. HP: 11/17 MP: 2/2
   529 | D:1      | Reached XP level 3. HP: 16/22 MP: 3/3
  1036 | D:2      | Noticed an ogre
  1065 | D:2      | Killed an ogre
  1065 | D:2      | Reached XP level 4. HP: 27/27 MP: 4/4
  1065 | D:2      | Reached XP level 5. HP: 32/32 MP: 5/5
  1627 | D:2      | Found a shadowy altar of Dithmenos.
  1644 | D:2      | Became a worshipper of Dithmenos the Shadowed
  2110 | D:2      | HP: 1/32 [poisoned by a worker ant]
  2113 | D:2      | Succumbed to a worker ant's poison

Skill      XL: |  1  2  3  4  5 |
---------------+----------------+-----
Short Blades   | 3 4 |  4.5
Dodging        | 2 3 |  3.6
Fighting       | 3 |  3.0
Throwing       | 3 |  3.0
Stealth        | |  5.9

Action                   |  1- 3 |  4- 6 || total
-------------------------+-------+-------++-------
Melee: Dagger            |    80 |    65 ||   145
 Fire: Blowgun           |     6 |    20 ||    26
Throw: Stone             |    17 |    20 ||    37
       Tomahawk          |     5 |     7 ||    12
  Use: Scroll            |       |     6 ||     6
       Potion            |       |     1 ||     1
 Stab: Sleeping          |     6 |     4 ||    10
       Distracted        |     1 |       ||     1
  Eat: Chunk             |     8 |     4 ||    12
Armor: Robe              |    10 |     9 ||    19
Dodge: Dodged            |    43 |    49 ||    92
